 Dungeon Crawl Stone Soup version 0.31-a0-986-g5e6e4ef867 (webtiles) character file.

Game seed: 3383181143473690560

30916 strawberryx3c the Basher (level 13, -3/106 HPs)
             Began as a Demonspawn Berserker on Nov 4, 2023.
             Was an Elder of Trog.
             Drowned by a drowned soul (16 damage)
             ... summoned by a merfolk avatar
             ... on level 1 of the Shoals.
             The game lasted 00:39:19 (15296 turns).

strawberryx3c the Basher (Demonspawn Berserker)    Turns: 15296, Time: 00:39:20

Health: -3/106     AC: 20    Str: 19    XL:     13   Next: 23%
Magic:  0/13       EV: 17    Int: 13    God:    Trog [****..]
Gold:   682        SH:  4    Dex: 20    Spells: 12/12 levels left

rFire   + . .        N - +1 mace (protect)
rCold   . . .        (no shield)
rNeg    . . .        A - +4 ring mail "Gaduh" {Int+4 Dex+4}
rPois   .            (helmet restricted)
rElec   .            (no cloak)
rCorr   .            m - +0 pair of gloves
SInv    .            t - +0 pair of boots
Will    .....        (no amulet)
Stlth   ++           d - ring of protection from fire
HPRegen 0.37/turn    (no ring)
MPRegen 0.26/turn

%: guardian spirit
@: under a protective aura, mesmerised, studying Fighting, very slow
A: horns 2, large bone plates 1, magic shield, magic regeneration, demonic magic
1
a: Renounce Religion, Berserk, Trog's Hand, Brothers in Arms


You were on level 1 of the Shoals.
You worshipped Trog.
Trog was greatly pleased with you.
You visited 3 branches of the dungeon, and saw 13 of its levels.

You collected 682 gold pieces.

Inventory:

Hand Weapons
 a - the +0 dagger "Eviscerator" {drain, Contam rN+ Will+ Str+7}
   (You found it on level 6 of the Dungeon)

   Str+7:     It affects your strength (+7).
   rN+:       It protects you from negative energy.
   Will+:     It increases your willpower.
   Contam:    It causes magical contamination when unequipped.
 B - a +1 morningstar of draining
 N - a +1 mace of protection (weapon)
Missiles
 i - 11 javelins
 p - 4 throwing nets
 q - a curare-tipped dart
 C - 16 poisoned darts
 Q - 5 atropa-tipped darts
Armour
 k - a +0 chain mail
 m - a +0 pair of gloves (worn)
 n - a +1 ring mail of cold resistance
 t - a +0 pair of boots (worn)
 z - a +3 leather armour
 A - the +4 ring mail "Gaduh" (worn) {Int+4 Dex+4}
   (You took it off an orc on level 6 of the Dungeon)

   Int+4:     It affects your intelligence (+4).
   Dex+4:     It affects your dexterity (+4).
 D - the +2 robe of the Swan {Will++}
   (You found it on level 6 of the Dungeon)

   Will++:    It greatly increases your willpower.
 G - a +2 leather armour of fire resistance
Jewellery
 d - a ring of protection from fire (left hand)
 x - a ring of wizardry
 K - a ring of protection from cold
Wands
 b - a wand of paralysis (18)
 s - a wand of flame (90)
 F - a wand of polymorph (9)
 P - a wand of roots (8)
Scrolls
 g - 5 scrolls of vulnerability
 h - 2 scrolls of poison
 r - 3 scrolls of identify
 w - a scroll of enchant weapon
 y - a scroll of fog
 H - a scroll of enchant armour
 I - a scroll of torment {unknown}
 L - 2 scrolls of immolation
Potions
 c - a potion of mutation {unknown}
 f - a potion of enlightenment
 l - 4 potions of brilliance
 o - 3 potions of attraction
 v - a potion of cancellation {unknown}
 J - 2 potions of magic
 M - a potion of degeneration


   Skills:
 + Level 11.6 Fighting
 + Level 12.5 Maces & Flails
 + Level 9.2 Armour
 + Level 9.6 Dodging
 + Level 7.0 Stealth
 + Level 2.8 Shields


You had 12 spell levels left.
You didn't know any spells.
Your spell library contained the following spells:

 Spells                   Type           Power      Damage    Failure   Level
 Apportation              Tloc           0%         N/A       43%         1
 Freeze                   Ice            0%         1d3       43%         1
 Necrotise                Necr           0%         1d4       43%         1
 Summon Small Mammal      Summ           0%         N/A       43%         1
 Dazzling Flash           Conj/Hex       0%         N/A       82%         3
 Frozen Ramparts          Ice            0%         1d1       82%         3
 Hailstorm                Conj/Ice       0%         3d3       82%         3
 Inner Flame              Hex/Fire       0%         N/A       82%         3
 Agony                    Necr           0%         N/A       100%        5
 Silence                  Hex/Air        0%         N/A       100%        5
 Yara's Violent Unravell  Hex/Tmut       0%         3d3       100%        5
 Enfeeble                 Hex            0%         N/A       100%        7


Dungeon Overview and Level Annotations

Branches:
Dungeon (8/15)             Temple (0/1) D:5            Lair (4/5) D:8
 Shoals (1/4) Lair:3        Snake (0/4) Lair:3
  Slime: Lair:4-5

Altars:
Makhleb
Yredelemnul

Shops:
D:5 (   D:7 (

Annotations:
D:7 2 transporters, exclusion: 2 ice statues, timneilson's ghost, novice OpSh


Innate Abilities, Weirdness & Mutations

You have a pair of horns on your head.
You are partially covered in large bone plates. (SH +4)
When hurt, damage is shared between your health and your magic reserves.
You regenerate magic rapidly.
Spells you cast may paralyse adjacent enemies.


Message History

The merfolk avatar chants its luring song.
You sock the merfolk avatar!
Your headbutt misses the merfolk avatar.
The merfolk avatar is almost dead.
The drowned soul returns to the deep!
You closely miss the merfolk avatar.
The merfolk avatar is almost dead.
The merfolk avatar chants its luring song.
Your unstable footing causes you to fumble your attack.
The drowned soul touches you. The drowned soul drowns you!
* * * LOW HITPOINT WARNING * * *
The merfolk avatar chants its luring song.
You completely miss the merfolk avatar. You punch the merfolk avatar.
The merfolk avatar is almost dead.
The merfolk avatar chants its luring song.
Your unstable footing causes you to fumble your attack.
The merfolk avatar chants its luring song.
Your unstable footing causes you to fumble your attack.
You hit the merfolk avatar.
The merfolk avatar is almost dead.
The merfolk avatar chants its luring song.
Your unstable footing causes you to fumble your attack.
You hit the merfolk avatar but do no damage.
You headbutt the merfolk avatar!
The merfolk avatar is almost dead.
The merfolk avatar chants its luring song.
The drowned soul touches you. The drowned soul drowns you!
* * * LOW HITPOINT WARNING * * *
Your unstable footing causes you to fumble your attack.
The merfolk avatar chants its luring song.
Your unstable footing causes you to fumble your attack.
The drowned soul touches you. The drowned soul drowns you!
* * * LOW HITPOINT WARNING * * *
The merfolk avatar chants its luring song.
You feel better.
The merfolk avatar chants its luring song.
You barely miss the merfolk avatar. You headbutt the merfolk avatar.
The merfolk avatar is almost dead.
The drowned soul touches you. The drowned soul drowns you!
You die...

P~~P≈≈≈
~~~~≈≈≈~~~~≈≈≈≈≈≈
≈PP~W≈~~~~~~≈≈≈≈≈#
~~~~~~~W~~~~~≈≈≈≈#
~~~~~~~~~~~~~≈≈≈≈#
P~P~~~~~..~~~~≈≈≈#
~~P~~~~~##.~~~≈≈≈#
~~P~~~...#..~~≈≈≈#
PP~~~~~@~..W~~≈≈≈#
PP~~P~~mW~..~~≈≈≈#
~~~~..~≈≈~~~~≈≈≈≈#
P..~~~~≈≈~~~~~≈≈≈#
..###.~~~###.~≈≈≈#
. #..~.##.)~~≈≈#
#..<.##.~~~≈≈#
~.....#...~~~~~≈≈#
~~..~.#.~~~~~~≈≈≈#


You could see a merfolk avatar (mesmerising) and 4 drowned souls.

Vanquished Creatures
  Fannar (Lair:1)
  Harold (Lair:1)
  A hydra (Lair:2)
  A boulder beetle (Lair:2)
  A skyshark (Lair:2)
  Pikel (D:6)
  A necromancer (Lair:2)
  5 elephants (Lair:2)
  Maurice (D:8)
  3 black mambas
  2 water nymphs
  4 gargoyles (D:7)
  Maggie (D:8)
  A cane toad (Lair:1)
  4 rime drakes
  2 komodo dragons
  7 blink frogs
  A flying skull (D:8)
  3 wyverns
  4 basilisks
  25 yaks
  Grum (D:8)
  A steam dragon (D:7)
  Eustachio (D:6)
  4 swamp worms (Lair:1)
  13 water moccasins
  A sky beast (D:5)
  4 orc warriors
  An elephant zombie (D:8)
  3 black bears
  An ice beast (D:7)
  4 ogres
  7 wolves
  A centaur (D:7)
  2 phantoms
  3 kobold brigands
  An elf zombie (D:8)
  A gnoll sergeant (D:6)
  2 scorpions
  9 bullfrogs
  4 wights (D:7)
  A killer bee (Lair:1)
  A crimson imp (D:4)
  A human zombie (D:8)
  3 hounds
  4 jellies
  2 orc priests
  2 iguanas
  8 orc wizards
  2 yak simulacra (Lair:2)
  2 polar bear simulacra (Lair:2)
  A killer bee zombie (D:8)
  5 wolf simulacra (Lair:2)
  An ogre zombie (D:8)
  2 hound zombies (D:8)
  6 howler monkey zombies (D:8)
  3 gnolls
  8 adders
  A white imp (D:4)
  2 ufetubi (D:5)
  An adder zombie (D:8)
  4 worms
  18 orcs
  7 endoplasms
  3 giant cockroaches
  4 goblins
  5 hobgoblins
  11 jackals
  3 quokkas
  8 ball pythons
  9 bats
  6 frilled lizards
  21 kobolds
  5 rats
  2 river rat simulacra (Lair:2)
296 creatures vanquished.

Notes
Turn   | Place    | Note
-------+----------+-------------------------------------------
     0 | D:1      | strawberryx3c the Demonspawn Berserker began the quest for
                  | the Orb.
     0 | D:1      | Reached XP level 1. HP: 18/18 MP: 1/1
   151 | D:1      | Found a faded altar of an unknown god.
   155 | D:1      | Reached skill level 3 in Maces & Flails
   158 | D:1      | Gained mutation: You regenerate magic rapidly. [demonic
                  | ancestry]
   158 | D:1      | Reached XP level 2. HP: 20/24 MP: 2/2
   815 | D:2      | Reached XP level 3. HP: 29/29 MP: 3/3
  1026 | D:2      | Reached ** piety under Trog
  1222 | D:2      | Reached XP level 4. HP: 23/36 MP: 4/4
  1910 | D:2      | Reached skill level 4 in Maces & Flails
  1959 | D:3      | Gained mutation: Spells you cast may paralyse adjacent
                  | enemies. [demonic ancestry]
  1959 | D:3      | Reached XP level 5. HP: 42/42 MP: 5/5
  2545 | D:3      | Reached *** piety under Trog
  3061 | D:4      | Reached XP level 6. HP: 48/48 MP: 6/6
  3399 | D:4      | Found a burning altar of Makhleb.
  3400 | D:4      | Noticed a blizzard demon
  3400 | D:4      | Noticed an angel
  3764 | D:5      | Entered Level 5 of the Dungeon
  3796 | D:5      | Reached skill level 5 in Maces & Flails
  3885 | D:5      | Found a staircase to the Ecumenical Temple.
  3914 | D:5      | Reached XP level 7. HP: 55/55 MP: 7/7
  4375 | D:5      | Found Ucveguru's Weapon Shoppe.
  4937 | D:5      | Reached skill level 6 in Maces & Flails
  5176 | D:6      | Gained mutation: You have a pair of small horns on your
                  | head. [demonic ancestry]
  5176 | D:6      | Reached XP level 8. HP: 61/61 MP: 8/8
  5246 | D:6      | Reached skill level 5 in Fighting
  5619 | D:6      | Identified the +0 dagger "Eviscerator" {drain, Contam rN+
                  | Will+ Str+7}
  5636 | D:6      | Identified the +4 ring mail "Gaduh" {Int+4 Dex+4}
  5689 | D:6      | Reached skill level 5 in Armour
  5738 | D:6      | Identified the +2 robe of the Swan {Will++}
  6126 | D:6      | Noticed Pikel
  6133 | D:6      | Killed Pikel
  6134 | D:6      | Reached skill level 7 in Maces & Flails
  6134 | D:6      | Reached skill level 1 in Stealth
  6154 | D:6      | Noticed Eustachio
  6249 | D:6      | Killed Eustachio
  6250 | D:6      | Reached XP level 9. HP: 69/69 MP: 9/9
  6670 | D:7      | Reached skill level 8 in Maces & Flails
  6784 | D:7      | Noticed a deep elf pyromancer
  6784 | D:7      | Noticed timneilson's ghost (novice OpSh)
  6833 | D:7      | Found Waruacei's Weapon Emporium.
  6908 | D:7      | Reached skill level 9 in Maces & Flails
  6908 | D:7      | Reached skill level 5 in Stealth
  6908 | D:7      | Reached XP level 10. HP: 80/80 MP: 10/10
  6909 | D:7      | Gained mutation: When hurt, damage is shared between your
                  | health and your magic reserves. [demonic ancestry]
  6909 | D:7      | Reached XP level 11. HP: 87/87 MP: 11/11
  6932 | D:7      | HP: 4/130 [gargoyle/+0 morningstar (13)]
  6937 | D:7      | Reached skill level 10 in Maces & Flails
  7319 | D:7      | HP: 4/87 [gargoyle/+0 mace (4)]
  7807 | D:7      | Found a transporter.
  7810 | D:7      | Found a transporter.
  8814 | D:8      | Noticed Maggie
  8815 | D:8      | Noticed Maurice
  8828 | D:8      | Maurice stole a +2 rapier of speed
  8829 | D:8      | Killed Maggie
  8835 | D:8      | Paralysed by Maurice for 2 turns
  8843 | D:8      | Something stole 273 gold
  8852 | D:8      | Paralysed by something for 5 turns
  8861 | D:8      | Paralysed by Maurice for 3 turns
  8863 | D:8      | Maurice stole 4 boomerangs
  8866 | D:8      | Killed Maurice
  9249 | D:8      | Noticed Grum
  9264 | D:8      | Killed Grum
  9542 | D:8      | Found a basalt altar of Yredelemnul.
  9559 | D:8      | Found a staircase to the Lair.
  9605 | Lair:1   | Entered Level 1 of the Lair of Beasts
  9702 | Lair:1   | Reached skill level 11 in Maces & Flails
  9702 | Lair:1   | Gained mutation: You are partially covered in large bone
                  | plates. (SH +4) [demonic ancestry]
  9702 | Lair:1   | Reached XP level 12. HP: 96/96 MP: 12/12
  9997 | Lair:1   | Reached **** piety under Trog
 10369 | Lair:1   | Noticed Harold
 10385 | Lair:1   | Killed Harold
 10442 | Lair:1   | Noticed Fannar
 10462 | Lair:1   | Killed Fannar
 10463 | Lair:1   | Reached skill level 10 in Fighting
 11388 | Lair:2   | Reached skill level 1 in Shields
 11493 | Lair:2   | Identified a scroll of acquirement
 11494 | Lair:2   | Acquired a manual of Fighting
 11524 | Lair:2   | Noticed a five-headed hydra
 11537 | Lair:2   | Killed a five-headed hydra
 12439 | Lair:2   | Reached skill level 12 in Maces & Flails
 12755 | Lair:2   | You fall into a shaft and drop 2 floors!
 13353 | Lair:3   | Noticed a boulder beetle
 13532 | Lair:3   | Found a staircase to the Snake Pit.
 13690 | Lair:3   | Gained mutation: You have a pair of horns on your head.
                  | [demonic ancestry]
 13690 | Lair:3   | Reached XP level 13. HP: 88/106 MP: 13/13
 14061 | Lair:3   | Found a staircase to the Shoals.
 15132 | Lair:5   | Identified the "Hymag"
 15132 | Snake:1  | Identified the "Keubrytoty"
 15132 | Shoals:1 | Entered Level 1 of the Shoals
 15296 | Shoals:1 | Drowned by a drowned soul

Illustrated notes

Levels and vault maps discovered:
D:1:      spicycebolla_green_bress_n_ham_2, layout_loops_cross,
          hellmonk_ecumenical_altar_arch_garden
D:2:      layout_rooms
D:3:      layout_basic
D:4:      layout_basic, grunt_temple_overflow_order_and_chaos_2,
          minmay_fire_ice_demons
D:5:      layout_loops_corners, minmay_temple_entry_slanted, serial_shops,
          nicolae_shop_bloodbath_and_beyond, hangedman_decor_slide_cut
D:6:      layout_basic, uniq_pikel, uniq_eustachio
D:7:      cheibrodos_statue_roulette, layout_rooms, nzn_ghost_randoct,
          serial_shops, shop, st_stairs_3, minmay_starry_boxes
D:8:      layout_layer_cave, mainiacjoe_overflow_small_starburst,
          lair_entry_dummy, roadster_capsule_ark_zombie, uniq_maurice,
          uniq_maggie, uniq_grum
Lair:1:   layout_long_grid, worms_lemuel, grunt_megastairs_3,
          infiniplex_staircase_pool, uniq_fannar, uniq_harold
Lair:2:   layout_concentric_octagons, eino_house_with_fridge
Lair:3:   layout_long_grid, nicolae_shoals_entry_flooding,
          minmay_snake_entry_six_corridors
Lair:4:   layout_regular_city, slime_entry_2, lemuel_fruit_fields
Shoals:1: layout_shoals, serial_shops, nicolae_shop_trees

Skill      XL: |  1  2  3  4  5  6  7  8  9 10 11 12 13 |
---------------+----------------------------------------+-----
Maces & Flails | 3 4 5 6 7 9 11 12 | 12.5
Dodging        | 2 3 4 6 7 8 9 |  9.6
Armour         | 2 3 4 5 7 8 9 |  9.2
Fighting       | 4 5 7 8 9 11 | 11.6
Stealth        | 1 5 6 7 |  7.0
Shields        | 1 2 |  2.8

Action                     |  1- 3 |  4- 6 |  7- 9 | 10-12 | 13-15 || total
---------------------------+-------+-------+-------+-------+-------++-------
  Melee: Mace              |   113 |   200 |   160 |   650 |   201 ||  1324
         Punch             |       |     2 |     1 |    17 |     5 ||    25
         Morningstar       |       |       |   110 |    88 |       ||   198
         Headbutt          |       |       |    32 |   210 |    57 ||   299
  Throw: Javelin           |       |       |     1 |       |       ||     1
 Invoke: Berserk           |     5 |     5 |    14 |    21 |     3 ||    48
         Trog's Hand       |       |       |     1 |     4 |       ||     5
    Use: Potion            |       |       |     5 |     7 |     2 ||    14
         Scroll            |       |       |     4 |    17 |     1 ||    22
   Stab: Sleeping          |       |       |       |     8 |       ||     8
         Distracted        |       |       |       |     1 |       ||     1
 Armour: Animal skin       |    62 |       |       |       |       ||    62
         Ring mail         |    45 |   109 |   278 |   593 |   120 ||  1145
         Chain mail        |       |    21 |       |       |       ||    21
  Dodge: Dodged            |   138 |    96 |   304 |   707 |   156 ||  1401
  Block: Other             |       |       |       |    76 |    42 ||   118

Table legend: (Time is in decaauts)
 A = Elapsed time spent in this place.
 B = Non-inter-level travel time spent in this place.
 C = Inter-level travel time spent in this place.
 D = Time resting spent in this place.
 E = Time spent auto-exploring this place.
 F = Levels seen in this place.
 G = Mean time per level.
                   A        B        C        D        E       F      G
               +--------+--------+--------+--------+--------+-----+--------+
         Total |  15865 |  15422 |    443 |   4352 |   7027 |  13 | 1220.4 |
       Dungeon |  10134 |   9826 |    308 |   2409 |   4702 |   8 | 1266.8 |
          Lair |   5574 |   5439 |    135 |   1838 |   2325 |   4 | 1393.5 |
        Shoals |    157 |    157 |      0 |    105 |      0 |   1 |  157.0 |
               +--------+--------+--------+--------+--------+-----+--------+

Top non-repeatable levels by time:
  Lair:1: 2076 daAuts
  Lair:2: 2002 daAuts
     D:7: 1907 daAuts
     D:5: 1614 daAuts
     D:6: 1596 daAuts
  Lair:3: 1477 daAuts
     D:2: 1263 daAuts
     D:4: 1226 daAuts
     D:8: 877 daAuts
     D:1: 824 daAuts
     D:3: 824 daAuts
Shoals:1: 157 daAuts
  Lair:4: 16 daAuts
